Map: Purity and Industry LE

Players

Zajcev

  • Race: Terran Terran
  • League: Platinum
  • Spawn Location: 3:00

prospeKt - Winner!

  • Race: Zerg Zerg
  • League: Platinum
  • Spawn Location: 12:00

VOD

Have the link to the VOD?

Description

Time

  • Played on: May 26, 2020, 9:03 a.m.
  • Length: 1:57
Show
View Real Time Build Order
Export as new Build Order

Zajcev Terran 

Build Orders:  

Get SALT Encoding   

  12  0:02  SCV  
  5  1:30  SCV  
  6  1:32  Supply Depot  
  6  1:43  SCV  
Show
View Real Time Build Order
Export as new Build Order

prospeKt Zerg - Winner!

Build Orders: Hatch First 

Get SALT Encoding   

  12  0:01  Drone  
  13  0:12  Overlord  
  13  0:18  Drone  
  14  0:30  Drone  
  15  0:39  Drone  
  16  0:44  Drone  
  17  0:56  Hatchery  
  16  0:57  Drone  
  17  1:10  Drone  
  15  1:23  Drone  
  15  1:33  Drone  
  16  1:46  Spawning Pool  
Tags
 
Add a new tag
Caveats
  • Supply blocks, unpowered buildings, or Contaminate may cause inaccurate times.
  • Supply counts are checked every 10 seconds.